 Dungeon Crawl Stone Soup version 0.24.0-125-gc4c63601f3 (webtiles) character file.

Game seed: 7577857107316732604, levelgen mode: deterministic

23093 Gabide the Fighter (level 13, -9/106 HPs)
             Began as a Human Hunter on Mar 5, 2020.
             Was a High Priest of Elyvilon.
             Mangled by a death yak (25 damage)
             ... on level 4 of the Lair of Beasts on Mar 12, 2020.
             The game lasted 00:55:58 (15118 turns).

Gabide the Fighter (Human Hunter)                  Turns: 15118, Time: 00:55:58

Health: -9/106     AC: 10    Str: 13    XL:     13   Next: 32%
Magic:  11/17      EV: 19    Int: 14    God:    Elyvilon [*****.]
Gold:   401        SH:  0    Dex: 16    Spells: 12/12 levels left

rFire    . . .     SeeInvis +   s - +5 spear "Deczot" {pierce, rPois SInv}
rCold    . . .     Gourm    .   (no shield)
rNeg     . . .     Faith    +   O - +3 robe of Komiuwo {-Tele rElec MR+ Slay+2}
rPois    +         Spirit   .   (no helmet)
rElec    +         Reflect  .   C - +0 cloak (curse)
rCorr    +         Harm     .   y - +2 pair of gloves
MR       +....     NoTele   +   g - +0 pair of boots
Stlth    ++........             h - amulet of faith
HPRegen  0.27/turn              r - ring of resist corrosion
MPRegen  0.15/turn              (no ring)

@: no status effects
A: no striking features
a: Lesser Healing, Heal Other, Purification, Greater Healing, Divine Vigour,
Divine Protection, Renounce Religion


You were on level 4 of the Lair of Beasts.
You worshipped Elyvilon.
Elyvilon was extremely pleased with you.
You were very hungry.

You visited 2 branches of the dungeon, and saw 15 of its levels.
You also visited: Ossuary.

You collected 875 gold pieces.
You spent 474 gold pieces at shops.

Inventory:

Hand Weapons
 a - a +6 hunting sling
 b - a +0 short sword
 j - a cursed -3 hand crossbow
 s - the +5 spear "Deczot" (weapon) {pierce, rPois SInv}
   (You found it on level 5 of the Dungeon)

   It inflicts extra damage upon your enemies.
   It protects you from poison.
   It lets you see invisible.
 P - a +2 short sword of distortion
Missiles
 e - 478 stones (quivered)
Armour
 c - a +2 leather armour
 g - a +0 pair of boots (worn)
 y - a +2 pair of gloves (worn)
 C - a cursed +0 cloak (worn)
 E - the +2 cloak "Rinkamn" {+Blink MR- Dex+4}
   (You acquired it on level 8 of the Dungeon)

   It affects your dexterity (+4).
   It affects your resistance to hostile enchantments.
   It lets you blink.
 K - a +0 chain mail
 O - the +3 robe of Komiuwo (worn) {-Tele rElec MR+ Slay+2}
   (You found it on level 10 of the Dungeon)

   It affects your accuracy and damage with ranged weapons and melee attacks
   (+2).
   It insulates you from electricity.
   It affects your resistance to hostile enchantments.
   It prevents most forms of teleportation.
Jewellery
 h - an amulet of faith (around neck)
 i - an uncursed amulet of the gourmand
 n - an uncursed ring of ice {unknown}
 r - a ring of resist corrosion (left hand)
 Q - an uncursed amulet of guardian spirit {unknown}
Wands
 l - a wand of acid (9)
 x - a wand of paralysis (14)
 B - a wand of iceblast (29)
 D - a wand of polymorph (2)
Scrolls
 k - 7 scrolls of remove curse
 m - 6 scrolls of teleportation
 q - 2 scrolls of amnesia
 A - 3 scrolls of enchant armour
 F - 2 scrolls of noise
 G - 2 scrolls of immolation
 J - a scroll of magic mapping
 M - 2 scrolls of blinking
 N - a scroll of torment {unknown}
 R - a scroll of fear
 S - a scroll of summoning {unknown}
Potions
 d - a potion of cancellation
 o - 3 potions of mutation
 p - 3 potions of might
 t - 2 potions of haste
 u - 8 potions of lignification
 v - a potion of brilliance {unknown}
 z - 2 potions of invisibility {unknown}
 H - a potion of flight {unknown}
 I - a potion of resistance
 L - 2 potions of agility {unknown}
 T - 2 potions of curing
Comestibles
 f - 16 rations


   Skills:
 + Level 11.5 Fighting
 + Level 11.0 Polearms
 + Level 9.8 Slings
 - Level 2.2 Armour
 * Level 9.4 Dodging
 - Level 1.5 Stealth
 + Level 0.6 Unarmed Combat
 + Level 6.5 Invocations
 + Level 2.0 Evocations


You had 12 spell levels left.
You didn't know any spells.
Your spell library contained the following spells:

 Spells                   Type           Power        Failure   Level  Hunger
 Beastly Appendage        Tmut           #.....       28%         1    ##.....
 Corona                   Hex            #......      28%         1    ##.....
 Magic Dart               Conj           #...         28%         1    ##.....
 Blink                    Tloc           N/A          41%         2    ###....
 Call Imp                 Summ           #.......     41%         2    ###....
 Ensorcelled Hibernation  Hex/Ice        #.....       41%         2    ###....
 Slow                     Hex            #.......     41%         2    ###....
 Sticks to Snakes         Tmut           #.......     41%         2    ###....
 Confuse                  Hex            #.......     65%         3    ####...
 Conjure Flame            Conj/Fire      #.......     65%         3    ####...
 Dazzling Spray           Conj/Hex       #.....       65%         3    ####...
 Mephitic Cloud           Conj/Pois/Air  #.......     65%         3    ####...
 Spider Form              Tmut/Pois      #.........   65%         3    ####...
 Tukima's Dance           Hex            #.......     65%         3    ####...
 Cause Fear               Hex            #.........   96%         4    #####..
 Ice Form                 Ice/Tmut       #.......     96%         4    #####..
 Blade Hands              Tmut           #.........   100%        5    ######.
 Silence                  Hex/Air        #.........   100%        5    ######.
 Yara's Violent Unravell  Hex/Tmut       #.........   100%        5    ######.
 Deflect Missiles         Chrm/Air       #.........   100%        6    #######
 Discord                  Hex            #.........   100%        8    #######


Dungeon Overview and Level Annotations

Branches:
Dungeon (11/15)            Temple (0/1) D:6            Lair (4/6) D:11
 Shoals (0/4) Lair:3       Spider (0/4) Lair:2      Ossuary (visited)
    Orc: D:9-12

Altars:
Ashenzari
Cheibriados
Elyvilon
Fedhas
Gozag
Makhleb
Nemelex Xobeh
Ru
Sif Muna
Wu Jian
Xom
The Shining One

Shops:
D:6 !   D:11 *(

Annotations:
D:4 3 runed translucent doors, ruphz's ghost, amateur DsAK
D:9 exclusion: oklob plant
D:10 exclusion: orange crystal statue
Lair:1 3 runed translucent doors, Ciog Ero's ghost, journeyman MfVM


Message History

All of the chunks of flesh in your inventory have rotted away.
The death yak closely misses you.
A bullfrog comes into view.
Press: ? - help, Dir - move target cursor, f - death yak Heal: a death yak (chance to pacify: 50%)
The light of Elyvilon fails to reach the death yak.
You are feeling hungry.
The death yak barely misses you.
Press: ? - help, Dir - move target cursor, f/p - death yak Heal: a death yak (chance to pacify: 50%)
The light of Elyvilon fails to reach the death yak.
You are feeling very hungry.
The death yak gores you!! The death yak barely misses you.
Press: ? - help, Dir - move target cursor, f/p - death yak Heal: a death yak (chance to pacify: 50%)
The light of Elyvilon fails to reach the death yak.
You feel quite a bit more hungry. The death yak gores you!! x2
* * * LOW HITPOINT WARNING * * *
The death yak gores you!!
You die...

###. #....
##.....
###.......
##....F....
#.........#
##......P#
##..Y@...P#
###...YY.####
##....Y.###
#......#.#
##......###
#P......#
##.....##
#......#
###.....## ..


You could see 4 death yaks and a bullfrog.

Vanquished Creatures
  Josephine (D:10)
  Harold (D:10)
  A two-headed ogre (D:11)
  A death yak (Lair:4)
  Sonja (Lair:1)
  An oklob plant (Lair:1)
  An ugly thing (D:11)
  5 black mambas
  Maurice (D:8)
  Joseph (D:9)
  6 spiny frogs
  3 komodo dragons
  A troll (D:11)
  A hornet (D:11)
  2 hippogriffs (D:9)
  A spriggan (D:7)
  5 wraiths (D:10)
  11 yaks
  A wyvern (Lair:4)
  3 basilisks
  2 hungry ghosts
  5 water moccasins
  13 porcupines
  2 orc warriors
  3 black bears
  2 phantoms
  7 ice beasts
  6 sky beasts
  3 ogres
  A necrophage (D:7)
  6 wolves (Lair:1)
  4 centaurs
  5 crocodiles
  2 big kobolds (D:10)
  12 bullfrogs
  Blork the orc (D:5)
  A water moccasin skeleton (D:8)
  3 scorpions
  7 killer bees
  4 electric eels
  5 crimson imps
  A centaur zombie (Ossuary)
  A gnoll shaman (D:9)
  6 hounds
  2 orc priests
  9 orc wizards
  4 jellies
  2 centaur skeletons
  2 human zombies (Ossuary)
  Natasha (twice) (D:2)
  Terence (D:3)
  3 iguanas
  7 worker ants
  5 mummies (Ossuary)
  12 adders
  3 gnolls (D:9)
  A howler monkey skeleton (D:6)
  A shadow imp (D:5)
  4 oozes
  An adder skeleton (D:6)
  An adder zombie (D:9)
  4 worms
  2 dart slugs
  2 leopard geckos
  42 orcs
  7 bats
  4 giant cockroaches
  10 goblins
  4 hobgoblins
  14 jackals
  4 quokkas
  2 ball pythons
  4 frilled lizards
  3 goblin zombies (Ossuary)
  A jackal zombie (D:8)
  6 kobolds
  2 kobold zombies (Ossuary)
  A leopard gecko zombie (D:6)
  4 rats
  A bush (Lair:1)
  2 fungi (D:11)
329 creatures vanquished.

Vanquished Creatures (others)
  A hippogriff (Lair:4)
  4 yaks (D:10)
  A centaur (D:7)
  An orc wizard (D:9)
  A jackal (D:10)
  A kobold (D:10)
  7 fungi (D:11)
  2 plants
18 creatures vanquished.

Grand Total: 347 creatures vanquished

Notes
Turn   | Place    | Note
-------+----------+-------------------------------------------
     0 | D:1      | Gabide the Human Hunter began the quest for the Orb.
     0 | D:1      | Reached XP level 1. HP: 16/16 MP: 1/1
    41 | D:1      | Reached XP level 2. HP: 16/22 MP: 2/2
   116 | D:1      | You fall into a shaft and drop 1 floor!
   206 | D:2      | Noticed Natasha
   211 | D:2      | Killed Natasha
   211 | D:2      | Reached skill level 5 in Slings
   211 | D:2      | Reached XP level 3. HP: 27/27 MP: 3/3
   218 | D:2      | Reached XP level 4. HP: 33/33 MP: 4/4
   741 | D:2      | Noticed Natasha
   755 | D:2      | Killed Natasha
   755 | D:2      | Reached XP level 5. HP: 12/39 MP: 5/5
  1030 | D:2      | Found an ornate altar of the Wu Jian Council.
  1295 | D:3      | Noticed Terence
  1309 | D:3      | Killed Terence
  1857 | D:3      | Reached skill level 1 in Armour
  1865 | D:3      | Reached XP level 6. HP: 45/46 MP: 6/6
  2058 | D:4      | Found a runed translucent gate.
  2058 | D:4      | Found a runed translucent gate.
  2058 | D:4      | Found a runed translucent gate.
  2059 | D:4      | Noticed ruphz's ghost (amateur DsAK)
  2293 | D:4      | Noticed an ice beast
  2301 | D:4      | Killed an ice beast
  2932 | D:5      | Entered Level 5 of the Dungeon
  2960 | D:5      | Reached XP level 7. HP: 52/52 MP: 7/7
  3044 | D:5      | Found a white marble altar of Elyvilon.
  3055 | D:5      | Became a worshipper of Elyvilon the Healer
  3119 | D:5      | Got a brightly glowing spear
  3139 | D:5      | Identified the +5 spear "Deczot" {pierce, rPois SInv} (You
                  | found it on level 5 of the Dungeon)
  3165 | D:5      | Reached skill level 1 in Polearms
  3167 | D:5      | Noticed Blork the orc
  3184 | D:5      | Killed Blork the orc
  3395 | D:5      | Reached * piety under Elyvilon
  3526 | D:5      | Found a sparkling altar of Nemelex Xobeh.
  3529 | D:5      | Found a shattered altar of Ashenzari.
  3552 | D:5      | Reached XP level 8. HP: 52/60 MP: 8/8
  3589 | D:5      | Found a sacrificial altar of Ru.
  3592 | D:5      | Found a glowing golden altar of the Shining One.
  4066 | D:6      | Reached ** piety under Elyvilon
  4301 | D:6      | Found a shimmering blue altar of Sif Muna.
  4313 | D:6      | Reached skill level 5 in Fighting
  4347 | D:6      | Found a staircase to the Ecumenical Temple.
  4693 | D:6      | Found Curicrotti's Distillery.
  4701 | D:6      | Bought a potion of heal wounds for 70 gold pieces
  4701 | D:6      | Bought a potion of haste for 140 gold pieces
  4863 | D:7      | Reached skill level 1 in Invocations
  4937 | D:7      | Noticed a spriggan baker
  4941 | D:7      | Killed a spriggan baker
  4941 | D:7      | Reached XP level 9. HP: 55/69 MP: 8/10
  5131 | D:7      | Reached skill level 5 in Polearms
  5373 | D:7      | Found a burning altar of Makhleb.
  5394 | D:7      | Found an opulent altar of Gozag.
  5625 | D:7      | Reached *** piety under Elyvilon
  6046 | D:8      | Noticed Maurice
  6087 | D:8      | Killed Maurice
  6284 | D:8      | Found a sand-covered staircase.
  6291 | Ossuary  | Entered an ossuary
  6295 | Ossuary  | Reached **** piety under Elyvilon
  6494 | Ossuary  | Reached XP level 10. HP: 79/79 MP: 13/13
  6967 | D:8      | Identified a scroll of acquirement
  6968 | D:8      | Got a distressingly furry cloak
  6969 | D:8      | Identified the +2 cloak "Rinkamn" {+Blink MR- Dex+4} (You
                  | acquired it on level 8 of the Dungeon)
  7352 | D:9      | Reached skill level 5 in Invocations
  7376 | D:9      | Found a blossoming altar of Fedhas.
  7390 | D:9      | Noticed an oklob plant
  7453 | D:9      | Noticed Joseph
  7482 | D:9      | Killed Joseph
  7540 | D:9      | Reached skill level 5 in Dodging
  7765 | D:9      | Found a shimmering altar of Xom.
  7784 | D:9      | Found a sacrificial altar of Ru.
  7784 | D:9      | Found an opulent altar of Gozag.
  7786 | D:9      | Found a sparkling altar of Nemelex Xobeh.
  7786 | D:9      | Found a snail-covered altar of Cheibriados.
  7786 | D:9      | Found a snail-covered altar of Cheibriados.
  7900 | D:10     | Entered Level 10 of the Dungeon
  8074 | D:10     | Reached ***** piety under Elyvilon
  8120 | D:10     | Got a shimmering robe
  8132 | D:10     | Identified the +3 robe of Komiuwo {-Tele rElec MR+ Slay+2}
                  | (You found it on level 10 of the Dungeon)
  8146 | D:10     | Noticed an orange crystal statue
  8181 | D:10     | Reached XP level 11. HP: 37/89 MP: 15/15
  8260 | D:10     | Noticed Josephine
  8292 | D:10     | Killed Josephine
  8741 | D:10     | Noticed Harold
  8762 | D:10     | Killed Harold
  8977 | D:11     | Found Maheanash's Assorted Antiques.
  9064 | D:11     | Bought a potion of might for 92 gold pieces
  9064 | D:11     | Bought a scroll of blinking for 172 gold pieces
  9083 | D:11     | Noticed a two-headed ogre
  9092 | D:11     | Killed a two-headed ogre
  9092 | D:11     | Reached skill level 10 in Fighting
  9337 | D:11     | Found Lipp's Antique Weapon Shoppe.
  9509 | D:11     | Noticed a red ugly thing
  9530 | D:11     | Reached skill level 10 in Polearms
  9602 | D:11     | Killed a green ugly thing
  9602 | D:11     | Reached skill level 1 in Evocations
  9602 | D:11     | Reached XP level 12. HP: 58/97 MP: 13/16
  9674 | D:11     | Found a staircase to the Lair.
  9783 | Lair:1   | Entered Level 1 of the Lair of Beasts
 10333 | Lair:1   | Noticed Sonja
 10582 | Lair:1   | Killed Sonja
 10832 | Lair:1   | Noticed a six-headed hydra
 10927 | Lair:1   | Pacified a six-headed hydra
 11622 | Lair:1   | Found a runed translucent gate.
 11622 | Lair:1   | Found a runed translucent gate.
 11622 | Lair:1   | Found a runed translucent gate.
 11622 | Lair:1   | Noticed Ciog Ero's ghost (journeyman MfVM)
 12180 | Lair:2   | Found a hole to the Spider Nest.
 14062 | Lair:3   | Reached XP level 13. HP: 106/106 MP: 17/17
 14487 | Lair:3   | Found a staircase to the Shoals.
 14510 | Lair:3   | Noticed a catoblepas
 14514 | Lair:3   | Pacified a catoblepas
 14854 | Lair:4   | Noticed a six-headed hydra
 14855 | Lair:4   | Pacified a six-headed hydra
 14929 | Lair:4   | Noticed a five-headed hydra
 14933 | Lair:4   | Pacified a five-headed hydra
 15118 | Lair:4   | Mangled by a death yak

Levels and vault maps discovered:
D:1:      psy_arrival_radial02, layout_basic, hangedman_decor_growths
D:2:      minmay_general_purpose_star, layout_loops_ring, lemuel_doored_altar,
          first_ration, st_stairs_14, uniq_natasha
D:3:      layout_rooms, skrybe_limestone_x, kennysheep_big_empty_room,
          corexii_item_surrounded_by_moat, ebering_dispersal_statue_hall,
          kennysheep_small_spiral, minmay_fractal_squares_gapless_5,
          uniq_terence
D:4:      layout_layer_cave, ebering_ghost_rock_garden
D:5:      layout_cave_pods, grunt_temple_overflow_cloverleaf, elyvilon_altar_3,
          minmay_tree_intersection, uniq_blork_the_orc
D:6:      layout_loops_ring, nicolae_overflow_crystal_walls,
          minmay_temple_entry_sparse_star, serial_shops, shop
D:7:      layout_basic, chequers_temple_overflow_statue_of_worship, the_bakery,
          minmay_small_thing
D:8:      layout_gridville, nicolae_ossuary_entry_plus, uniq_maurice
D:9:      layout_roguey, doesnt_xom_only_xom, tgw_fedhas, uniq_joseph
D:10:     layout_roguey, minivault_16, due_unseen_surprise, uniq_harold,
          uniq_josephine
D:11:     layout_roguey, due_lair_maze_entry_diamond, serial_shops, shop,
          nicolae_shop_crystal
Lair:1:   layout_gridlike, gammafunk_ghost_necromancy, minmay_lair_oklob_items,
          minmay_stone_trees_medium, disabler_island, serial_bayou_shore_b,
          grunt_megastairs_2, uniq_sonja
Lair:2:   layout_roguey, dummy_spider_entry
Lair:3:   layout_gridlike, shoals_dummy_entry, beast_lair_carwin_2,
          serial_bayou_shore_b
Lair:4:   layout_hall_layers

Skill      XL: |  1  2  3  4  5  6  7  8  9 10 11 12 13 |
---------------+----------------------------------------+-----
Slings         | 5 6 7 8 9 |  9.8
Armour         | 1 2 |  2.2
Fighting       | 3 4 5 7 9 10 11 | 11.5
Polearms       | 3 4 6 8 10 11 | 11.0
Dodging        | 3 4 5 7 9 |  9.4
Invocations    | 2 4 5 6 |  6.5
Evocations     | 1 2 |  2.0
Stealth        | |  1.5
Unarmed Combat | |  0.6

Action                   |  1- 3 |  4- 6 |  7- 9 | 10-12 | 13-15 || total
-------------------------+-------+-------+-------+-------+-------++-------
Melee: Short sword       |       |    14 |       |       |       ||    14
       Spear             |       |       |   149 |   546 |    76 ||   771
       Unarmed           |       |       |    13 |       |       ||    13
 Fire: Hunting sling     |    36 |   171 |   168 |   345 |    62 ||   782
Throw: Stone             |       |       |       |     1 |       ||     1
Invok: Heal Other        |       |       |     3 |     8 |     8 ||    19
       Lesser Healing    |       |       |     1 |       |       ||     1
       Purification      |       |       |       |     4 |       ||     4
       Greater Healing   |       |       |       |     5 |       ||     5
Evoke: Wand              |       |       |     4 |    13 |       ||    17
  Use: Scroll            |     1 |     8 |    10 |     9 |       ||    28
       Potion            |       |     1 |     2 |     5 |       ||     8
 Stab: Sleeping          |       |       |     8 |     4 |     1 ||    13
       Distracted        |       |       |       |     1 |       ||     1
       Paralysed         |       |       |       |     2 |       ||     2
  Eat: Chunk             |       |     5 |     3 |    11 |     3 ||    22
       Ration            |       |     1 |     2 |     7 |       ||    10
Armor: Leather armour    |     3 |    14 |    51 |    40 |       ||   108
       Robe              |       |       |       |    46 |     3 ||    49
Dodge: Dodged            |    11 |    27 |    82 |   283 |    44 ||   447
